TOP OF THE 1ST |
---|
Kalamazoo Royale with Cheese batting - Pitching for Houston Marshals : RHP José Salinas | Pitching: RHP José Salinas | | Batting: LHB Keith Tillman | 0-0: Ball 1-0: Called Strike 1-1: Ball 2-1: Ball 3-1: Called Strike 3-2: Ground out 4-3 (Groundball, 4) | Batting: RHB Zander Tremblett | 0-0: Swinging Strike 0-1: Called Strike 0-2: Foul Ball, location: 2F 0-2: Strikes out looking | Batting: SHB Caden Keith | 0-0: Ball 1-0: Foul Ball, location: 2F 1-1: Fly out, F8 (Flyball, 8LD) | Top of the 1st over - 0 runs, 0 hits, 0 errors, 0 left on base; Kalamazoo 0 - Houston 0 | BOTTOM OF THE 1ST |
---|
Houston Marshals batting - Pitching for Kalamazoo Royale with Cheese : LHP Octávio Ramírez | Pitching: LHP Octávio Ramírez | | Batting: LHB Guy Moss | 0-0: Ball 1-0: Foul Ball, location: 2F 1-1: Ball 2-1: Ball 3-1: Called Strike 3-2: Strikes out swinging | Batting: RHB Javier Rentería | 0-0: Ball 1-0: Fly out, F9 (Flyball, 9LS) | Batting: LHB Lewis Barr | 0-0: Called Strike 0-1: Called Strike 0-2: Ball 1-2: Foul Ball, location: 2F 1-2: Ball 2-2: Strikes out looking | Bottom of the 1st over - 0 runs, 0 hits, 0 errors, 0 left on base; Kalamazoo 0 - Houston 0 | TOP OF THE 2ND |
---|
Kalamazoo Royale with Cheese batting - Pitching for Houston Marshals : RHP José Salinas | Batting: LHB Roberto Sandoval | 0-0: Swinging Strike 0-1: Ball 1-1: Foul Ball, location: 2F 1-2: Ball 2-2: Ball 3-2: Ground out U3 (Groundball, 34) | Batting: RHB Jimmy Simon | 0-0: Foul Ball, location: 2F 0-1: Ball 1-1: Swinging Strike 1-2: Ball 2-2: Ball 3-2: Foul Ball, location: 2F 3-2: SINGLE (Line Drive, 34) | Batting: LHB Vincente Sáenz | 0-0: DOUBLE (Groundball, 3L) Jimmy Simon to third Runner from 3rd tries for Home, SAFE, throw made at trailing runner, OUT at third! | Batting: LHB Jacob Wright | 0-0: Ball 1-0: Called Strike 1-1: Foul Ball, location: 2F 1-2: Strikes out swinging | Top of the 2nd over - 1 run, 2 hits, 0 errors, 0 left on base; Kalamazoo 1 - Houston 0 | BOTTOM OF THE 2ND |
---|
Houston Marshals batting - Pitching for Kalamazoo Royale with Cheese : LHP Octávio Ramírez | Batting: LHB José Rodríguez | 0-0: Called Strike 0-1: Ball 1-1: Ball 2-1: Ground out U3 (Groundball, 3S) | Batting: RHB Jim Tracy | 0-0: Ball 1-0: Ball 2-0: Swinging Strike 2-1: Ball 3-1: Base on Balls | Batting: SHB Juan Gómez | 0-0: Called Strike 0-1: 2-RUN HOME RUN (Flyball, 89XD), Distance : 389 ft | Batting: RHB Esteban Lara | 0-0: Fly out, F7 (Flyball, 78D) | Now in LF: José Velásquez | | Batting: LHB Matt Smith | 0-0: Called Strike 0-1: Ball 1-1: Ball 2-1: Foul Ball, location: 2F 2-2: Foul Ball, location: 2F 2-2: Strikes out swinging | Bottom of the 2nd over - 2 runs, 1 hit, 0 errors, 0 left on base; Kalamazoo 1 - Houston 2 | TOP OF THE 3RD |
---|
Kalamazoo Royale with Cheese batting - Pitching for Houston Marshals : RHP José Salinas | Batting: LHB Javier Espinoza | 0-0: Ball 1-0: SINGLE (Groundball, 6MD) | Batting: RHB José Velásquez | 0-0: Called Strike 0-1: Grounds into double play, 4-6-3 (Groundball, 4M) | Batting: LHB Keith Tillman | 0-0: Ball 1-0: Ground out 4-3 (Groundball, 4) | Top of the 3rd over - 0 runs, 1 hit, 0 errors, 0 left on base; Kalamazoo 1 - Houston 2 | BOTTOM OF THE 3RD |
---|
Houston Marshals batting - Pitching for Kalamazoo Royale with Cheese : LHP Octávio Ramírez | Batting: RHB Michael Thomas | 0-0: Called Strike 0-1: Foul Ball, location: 2F 0-2: Ground out 6-3 (Groundball, 6) | Batting: LHB Guy Moss | 0-0: Called Strike 0-1: Ball 1-1: Called Strike 1-2: Fly out, F7 (Flyball, 78M) | Batting: RHB Javier Rentería | 0-0: Foul Ball, location: 2F 0-1: Ball 1-1: Foul Ball, location: 2F 1-2: Foul Ball, location: 2F 1-2: Foul Ball, location: 2F 1-2: Hit by Pitch | Batting: LHB Lewis Barr | 0-0: Foul Ball, location: 2F 0-1: Ground out 4-3 (Groundball, 4) | Bottom of the 3rd over - 0 runs, 0 hits, 0 errors, 1 left on base; Kalamazoo 1 - Houston 2 | TOP OF THE 4TH |
---|
Kalamazoo Royale with Cheese batting - Pitching for Houston Marshals : RHP José Salinas | Batting: RHB Zander Tremblett | 0-0: Foul Ball, location: 2F 0-1: Swinging Strike 0-2: Ball 1-2: Ball 2-2: Foul Ball, location: 2F 2-2: Ball 3-2: Foul Ball, location: 2F 3-2: Foul Ball, location: 2F 3-2: Fly out, F9 (Flyball, 89D) | Batting: SHB Caden Keith | 0-0: Called Strike 0-1: Ball 1-1: Ball 2-1: Called Strike 2-2: Foul Ball, location: 2F 2-2: Foul Ball, location: 2F 2-2: SINGLE (Flyball, 8RS) | Batting: LHB Roberto Sandoval | 0-0: Called Strike 0-1: Grounds into double play, 6-4-3 (Groundball, 6) | Top of the 4th over - 0 runs, 1 hit, 0 errors, 0 left on base; Kalamazoo 1 - Houston 2 | BOTTOM OF THE 4TH |
---|
Houston Marshals batting - Pitching for Kalamazoo Royale with Cheese : LHP Octávio Ramírez | Batting: LHB José Rodríguez | 0-0: Fly out, F8 (Flyball, 8LXD) | Batting: RHB Jim Tracy | 0-0: Ball 1-0: Ball 2-0: Ball 3-0: Base on Balls | Batting: SHB Juan Gómez | 0-0: Ground out 4-3 (Groundball, 34) Jim Tracy to second | Batting: RHB Esteban Lara | 0-0: Called Strike 0-1: Foul Ball, location: 2F 0-2: Ball 1-2: Ball 2-2: SINGLE (Groundball, 56D) Jim Tracy to third Runner from 3rd tries for Home, SAFE, throw made home | Batting: LHB Matt Smith | 0-0: Foul Ball, location: 2F 0-1: Foul Ball, location: 2F 0-2: Ball 1-2: Ball 2-2: Fly out, F7 (Flyball, 78M) | Bottom of the 4th over - 1 run, 1 hit, 0 errors, 1 left on base; Kalamazoo 1 - Houston 3 | TOP OF THE 5TH |
---|
Kalamazoo Royale with Cheese batting - Pitching for Houston Marshals : RHP José Salinas | Batting: RHB Jimmy Simon | 0-0: Foul Ball, location: 2F 0-1: Foul Ball, location: 2F 0-2: Ball 1-2: Ball 2-2: Strikes out swinging | Batting: LHB Vincente Sáenz | 0-0: Ground out U3 (Groundball, 3) | Batting: LHB Jacob Wright | 0-0: Ball 1-0: Swinging Strike 1-1: Swinging Strike 1-2: Ball 2-2: Ground out 4-3 (Groundball, 4) | Top of the 5th over - 0 runs, 0 hits, 0 errors, 0 left on base; Kalamazoo 1 - Houston 3 | BOTTOM OF THE 5TH |
---|
Houston Marshals batting - Pitching for Kalamazoo Royale with Cheese : LHP Octávio Ramírez | Batting: RHB Michael Thomas | 0-0: Called Strike 0-1: Ground out U3 (Groundball, 34) | Batting: LHB Guy Moss | 0-0: Called Strike 0-1: Swinging Strike 0-2: Strikes out swinging | Batting: RHB Javier Rentería | 0-0: Ground out 6-3 (Groundball, 6) | Bottom of the 5th over - 0 runs, 0 hits, 0 errors, 0 left on base; Kalamazoo 1 - Houston 3 | TOP OF THE 6TH |
---|
Kalamazoo Royale with Cheese batting - Pitching for Houston Marshals : RHP José Salinas | Batting: LHB Javier Espinoza | 0-0: Called Strike 0-1: Called Strike 0-2: Strikes out swinging | Batting: RHB José Velásquez | 0-0: Ball 1-0: Foul Ball, location: 2F 1-1: Called Strike 1-2: Ball 2-2: Ground out 4-3 (Groundball, 34D) | Batting: LHB Keith Tillman | 0-0: Called Strike 0-1: Ball 1-1: Foul Ball, location: 2F 1-2: Ball 2-2: Ground out U3 (Groundball, 34) | Top of the 6th over - 0 runs, 0 hits, 0 errors, 0 left on base; Kalamazoo 1 - Houston 3 | BOTTOM OF THE 6TH |
---|
Houston Marshals batting - Pitching for Kalamazoo Royale with Cheese : LHP Octávio Ramírez | Batting: LHB Lewis Barr | 0-0: Swinging Strike 0-1: Foul Ball, location: 2F 0-2: Fly out, F9 (Flyball, 9LSF) | Batting: LHB José Rodríguez | 0-0: Ball 1-0: Called Strike 1-1: Called Strike 1-2: DOUBLE (Flyball, 8RXD) | Batting: RHB Jim Tracy | 0-0: Intentional Walk | Batting: SHB Juan Gómez | 0-0: Swinging Strike 0-1: Ball 1-1: Foul Ball, location: 2F 1-2: Foul Ball, location: 2F 1-2: Hit by Pitch José Rodríguez to third Jim Tracy to second | Batting: RHB Esteban Lara | 0-0: Called Strike 0-1: Foul Ball, location: 2F 0-2: Ball 1-2: Ball 2-2: Ball 3-2: Strikes out swinging | Batting: LHB Matt Smith | 0-0: Ball 1-0: Foul Ball, location: 2F 1-1: Foul Ball, location: 2F 1-2: Foul Ball, location: 2F 1-2: Ground out 4-3 (Groundball, 4) | Bottom of the 6th over - 0 runs, 1 hit, 0 errors, 3 left on base; Kalamazoo 1 - Houston 3 | TOP OF THE 7TH |
---|
Kalamazoo Royale with Cheese batting - Pitching for Houston Marshals : RHP José Salinas | Batting: RHB Zander Tremblett | 0-0: Ball 1-0: Called Strike 1-1: Ball 2-1: Foul Ball, location: 2F 2-2: Strikes out swinging | Batting: SHB Caden Keith | 0-0: Ground out 4-3 (Groundball, 4) | Batting: LHB Roberto Sandoval | 0-0: Foul Ball, location: 2F 0-1: Fly out, F8 (Flyball, 8RM) | Top of the 7th over - 0 runs, 0 hits, 0 errors, 0 left on base; Kalamazoo 1 - Houston 3 | BOTTOM OF THE 7TH |
---|
Houston Marshals batting - Pitching for Kalamazoo Royale with Cheese : LHP Octávio Ramírez | Batting: RHB Michael Thomas | 0-0: Foul Ball, location: 2F 0-1: Swinging Strike 0-2: Foul Ball, location: 2F 0-2: Strikes out swinging | Batting: LHB Guy Moss | 0-0: Fly out, F8 (Flyball, 8RXD) | Batting: RHB Javier Rentería | 0-0: Ball 1-0: Called Strike 1-1: Called Strike 1-2: DOUBLE (Line Drive, 7D) | Batting: LHB Lewis Barr | 0-0: Ball 1-0: Swinging Strike 1-1: Ball 2-1: Fly out, F6 (Line Drive, 6MD) | Bottom of the 7th over - 0 runs, 1 hit, 0 errors, 1 left on base; Kalamazoo 1 - Houston 3 | TOP OF THE 8TH |
---|
Kalamazoo Royale with Cheese batting - Pitching for Houston Marshals : RHP José Salinas | Batting: RHB Jimmy Simon | 0-0: Ball 1-0: Called Strike 1-1: Ball 2-1: Foul Ball, location: 2F 2-2: Strikes out swinging | Batting: LHB Vincente Sáenz | 0-0: Ball 1-0: Ball 2-0: Called Strike 2-1: Called Strike 2-2: Ball 3-2: Base on Balls | Pitching: LHP Edgardo Guzmán | | Batting: LHB Jacob Wright | 0-0: Foul Ball, location: 2F 0-1: Ball 1-1: Foul Ball, location: 2F 1-2: Ball 2-2: Foul Ball, location: 2F 2-2: Ball 3-2: Base on Balls Vincente Sáenz to second | Pinch Hitting: RHB Tae-kwon Kwon | 0-0: Ball 1-0: Ball 2-0: Called Strike 2-1: Ball 3-1: Swinging Strike 3-2: Strikes out looking and he ARGUES THE CALL AND IS TOSSED! | Pitching: RHP Álex Rodríguez | | Batting: RHB José Velásquez | 0-0: Called Strike 0-1: Called Strike 0-2: Ball 1-2: Ball 2-2: Strikes out swinging | Top of the 8th over - 0 runs, 0 hits, 0 errors, 2 left on base; Kalamazoo 1 - Houston 3 | BOTTOM OF THE 8TH |
---|
Houston Marshals batting - Pitching for Kalamazoo Royale with Cheese : LHP Octávio Ramírez | Pitching: RHP Frank Davis | | Now at 2B: Bob Noble | | Batting: LHB José Rodríguez | 0-0: Fly out, F4 (Popup, 3D) | Batting: RHB Jim Tracy | 0-0: Foul Ball, location: 2F 0-1: Ball 1-1: Ball 2-1: Ball 3-1: Called Strike 3-2: Foul Ball, location: 2F 3-2: Strikes out looking | Batting: SHB Juan Gómez | 0-0: Swinging Strike 0-1: Foul Ball, location: 2F 0-2: Strikes out looking | Bottom of the 8th over - 0 runs, 0 hits, 0 errors, 0 left on base; Kalamazoo 1 - Houston 3 | TOP OF THE 9TH |
---|
Kalamazoo Royale with Cheese batting - Pitching for Houston Marshals : RHP Álex Rodríguez | Pitching: RHP Vinícius Itaquy | | Batting: LHB Keith Tillman | 0-0: Called Strike 0-1: SINGLE (Groundball, 4MD) | Batting: RHB Zander Tremblett | 0-0: Called Strike 0-1: Swinging Strike 0-2: Foul Ball, location: 2F 0-2: Grounds into double play, 4-6-3 (Groundball, 4M) | Batting: SHB Caden Keith | 0-0: Called Strike 0-1: Ball 1-1: Ball 2-1: Fly out, F7 (Flyball, 7) | Top of the 9th over - 0 runs, 1 hit, 0 errors, 0 left on base; Kalamazoo 1 - Houston 3 | |